River Rats vs Spitfire
Created - 5 janvier 2014 at 19:21
Goals
|
| River Rats |
2 |
2 |
0 |
4 |
| Spitfire |
2 |
3 |
2 |
7 |
|
Shots
|
| River Rats |
9 |
10 |
12 |
31 |
| Spitfire |
21 |
15 |
10 |
46 |
|
1st period
1. Spitfire , Erik Condra 19 (Brad Staubitz, Matt Delahey) at 4:45
2. River Rats , Jay Beagle 8 (Jamie Arniel) at 12:17
3. Spitfire , Denis Shvidki 21 (Mathieu Roy, Rick Schofield) at 16:51
4. River Rats , Andy Greene 11 (Tyler Bozak) at 17:55
Penalties :
Martin Grenier (Alb) for Hooking (Minor) at 0:05, Mathieu Roy (Val) for Slashing (Minor) at 9:56, Bryan Bickell (Alb) for Boarding (Minor) at 14:10
2nd period
5. River Rats , Matt Jones 4 (Jesse Joensuu) at 1:23
6. Spitfire , Radek Smolenak 4 (Danny Syvret, Erik Condra) at 2:02
7. Spitfire , Erik Condra 20 (Andrew Campbell) at 8:51
8. Spitfire , Shean Donovan 15 (Marc-Antoine Pouliot) at 11:28 (PP)
9. River Rats , Dustin Boyd 19 (Niklas Sundstrom) at 14:34
Penalties :
Keaton Ellerby (Val) for Tripping (Minor) at 4:27, Andy Greene (Alb) for Hooking (Minor) at 11:26, Brett Maclean (Alb) for Interference (Minor) at 11:31
3rd period
10. Spitfire , Brad Staubitz 10 (MacGregor Sharp, Radek Smolenak) at 17:39
11. Spitfire , MacGregor Sharp 2 (Matt Delahey, Tony Lucia) at 18:38
Penalties :
Matt Delahey (Val) for Boarding (Minor) at 1:45, Mathieu Roy (Val) for Holding (Minor) at 6:59, Pavel Valentenko (Alb) for Holding (Minor) at 10:25, Patrice Cormier (Val) for Holding (Minor) at 15:24
Goalie Stats
Jeff Glass (Alb), 39 saves from 46 shots - (0,848), L, 2-6-1, 60:00 minutes
Yann Danis (Val), 27 saves from 31 shots - (0,871), W, 6-7-3, 60:00 minutes
Players Stats for River Rats
Player Name G A P +/- PIM S H SB GA TA FO MP PP MP PK MP
------------------------------------------------------------------------------------
Andy Greene 1 0 1 1 2 3 1 0 3 1 0/0 29:57 5:16 5:24
Benn Ferriero 0 0 0 1 0 1 3 0 0 0 0/3 5:44 0:33 0:00
Brett Maclean 0 0 0 -1 2 1 3 3 0 0 1/1 21:16 4:51 0:41
Bryan Bickell 0 0 0 -3 2 3 2 1 0 1 0/2 18:42 4:31 0:24
Bryan Rodney 0 0 0 -1 0 3 1 1 0 0 0/0 17:38 4:39 2:32
Danny Kristo 0 0 0 1 0 1 0 0 0 0 0/1 9:17 4:31 0:00
Dustin Boyd 1 0 1 0 0 4 1 1 1 0 22/39 20:50 4:51 2:43
Jamie Arniel 0 1 1 0 0 1 2 0 0 1 6/14 14:29 0:00 4:34
Jay Beagle 1 0 1 0 0 2 0 0 0 1 1/2 10:47 0:33 0:00
Jesse Joensuu 0 1 1 1 0 1 1 0 0 0 0/0 11:02 0:33 4:34
Josh Meyers 0 0 0 0 0 0 1 0 0 0 0/0 9:53 0:00 0:51
Martin Grenier 0 0 0 0 2 4 2 0 0 1 0/0 29:09 5:16 4:18
Matt Jones 1 0 1 -3 0 1 3 2 1 2 0/0 21:55 4:39 2:51
Niklas Sundstrom 0 1 1 0 0 0 3 3 1 0 2/2 20:25 4:51 2:29
Patrick Maroon 0 0 0 0 0 0 1 0 0 0 0/0 10:16 0:00 0:31
Pavel Valentenko 0 0 0 -2 2 0 0 2 0 0 0/0 12:52 0:00 0:00
Steve Quailer 0 0 0 -2 0 2 0 0 0 0 0/1 11:38 0:00 0:00
Tyler Bozak 0 1 1 -2 0 4 2 0 1 0 7/12 16:07 4:31 0:00
Players Stats for Spitfire
Player Name G A P +/- PIM S H SB GA TA FO MP PP MP PK MP
------------------------------------------------------------------------------------
Andrew Campbell 0 1 1 3 0 1 1 1 0 1 0/0 20:35 3:19 4:07
Brad Staubitz 1 1 2 2 0 5 0 0 1 0 0/1 8:22 0:13 0:00
Danny Syvret 0 1 1 2 0 1 0 0 0 0 0/0 12:36 2:02 2:12
Denis Shvidki 1 0 1 0 0 2 3 0 0 1 2/3 21:22 3:58 4:55
Eric Mestery 0 0 0 1 0 0 1 0 0 1 0/0 12:46 0:00 4:04
Erik Condra 2 1 3 3 0 5 1 1 1 0 0/1 10:49 0:13 0:00
Josh Brittain 0 0 0 0 0 0 0 0 0 0 0/0 0:00 0:00 0:00
Keaton Ellerby 0 0 0 -2 2 1 2 2 0 1 0/0 28:59 4:39 4:01
Kevin Klein 0 0 0 -1 0 0 0 0 0 0 0/0 3:06 0:00 2:20
Kris Beech 0 0 0 0 0 0 0 0 0 0 0/0 0:14 0:00 0:14
MacGregor Sharp 1 1 2 1 0 2 1 0 0 0 2/3 5:55 0:00 0:00
Marc-Antoine Pouliot 0 1 1 -1 0 4 2 0 0 2 15/27 19:36 3:53 2:54
Mathieu Roy 0 1 1 -3 4 5 5 1 1 1 0/0 29:05 4:39 3:06
Matt Delahey 0 2 2 3 2 1 1 0 0 0 0/0 13:55 1:17 0:00
Patrice Cormier 0 0 0 1 2 4 1 0 0 0 6/10 11:08 0:00 2:03
Patrick Davis 0 0 0 1 0 1 1 0 1 0 0/0 2:48 0:07 0:00
Paul Bissonnette 0 0 0 0 0 3 0 1 0 0 0/0 15:29 3:52 0:00
Radek Smolenak 1 1 2 2 0 2 1 0 1 0 0/0 8:11 0:00 0:00
Raymond Sawada 0 0 0 0 0 0 0 0 0 0 0/0 0:00 0:00 0:00
Rick Schofield 0 1 1 0 0 2 4 0 1 0 9/23 15:29 3:52 0:00
Shean Donovan 1 0 1 -1 0 1 2 1 0 0 4/9 21:33 3:53 4:44
Tim Kennedy 0 0 0 -1 0 5 4 1 1 0 0/0 19:36 3:53 2:54
Tony Lucia 0 1 1 0 0 1 0 0 0 0 0/0 8:26 0:00 2:06
3 Stars
1 - Erik Condra (Val)
2 - Radek Smolenak (Val)
3 - Brad Staubitz (Val)
Power Play
River Rats - 0 on 5 Attempt(s) - 0,00%
Spitfire - 1 on 5 Attempt(s) - 20,00%
Penalty Kill
River Rats - 4 on 5 Attempt(s) - 80,00%
- Score 0 goal in Penalty Kill
Spitfire - 5 on 5 Attempt(s) - 100,00%
- Score 0 goal in Penalty Kill
Official
Referees : Rooney Chris and Joannette Marc
Linesman : Thor Nelson and Michel Cormier
Game Notes
Danny Syvret is injured at 14:26 of 2nd period (Bruised Right Shoulder)
Finance
Level 1 -- Attendance: 1547 (77,35%) -- Ticket Income 54 145 $
Level 2 -- Attendance: 787 (78,70%) -- Ticket Income 11 805 $
Total Attendance: 2334 (77,80%)
Total Ticket Income: 65 950 $
Other Income: 3 298 $
Total Income: 69 248 $
River Rats
5 vs 5 Forward
Center Left Wing Right Wing Time % Phy DF OF
1 Dustin Boyd Brett Maclean Niklas Sundstrom 40 1 2 2
2 Tyler Bozak Bryan Bickell Steve Quailer 30 1 2 2
3 Jamie Arniel Patrick Maroon Jay Beagle 20 1 2 2
4 Benn Ferriero Jesse Joensuu Danny Kristo 10 1 2 2
5 vs 5 Defense
Defense Defense Time % Phy DF OF
1 Martin Grenier Andy Greene 40 1 2 2
2 Matt Jones Pavel Valentenko 30 1 2 2
3 Josh Meyers Bryan Rodney 20 1 2 2
4 Matt Jones Andy Greene 10 1 2 2
PowerPlay Forward
Center Left Wing Right Wing Time % Phy DF OF
1 Dustin Boyd Brett Maclean Niklas Sundstrom 60 0 2 3
2 Tyler Bozak Bryan Bickell Danny Kristo 40 0 2 3
PowerPlay Defense
Defense Defense Time % Phy DF OF
1 Martin Grenier Andy Greene 60 1 2 2
2 Bryan Rodney Matt Jones 40 1 2 2
Penalty Kill 4 Players Forward
Center Wing Time % Phy DF OF
1 Jamie Arniel Jesse Joensuu 60 1 2 2
2 Dustin Boyd Niklas Sundstrom 40 1 2 2
Penalty Kill 4 Players Defense
Defense Defense Time % Phy DF OF
1 Martin Grenier Andy Greene 60 1 2 2
2 Bryan Rodney Matt Jones 40 1 2 2
Penalty Kill - 3 Players Forward
Forward Time % Phy DF OF
1 Dustin Boyd 60 1 2 2
2 Jamie Arniel 40 1 2 2
Penalty Kill - 3 Players Defense
Defense Defense Time % Phy DF OF
1 Martin Grenier Andy Greene 60 1 2 2
2 Matt Jones Josh Meyers 40 1 2 2
4 vs 4 Forward
Center Wing Time % Phy DF OF
1 Dustin Boyd Niklas Sundstrom 60 1 2 2
2 Tyler Bozak Bryan Bickell 40 1 2 2
4 vs 4 Defense
Defense Defense Time % Phy DF OF
1 Martin Grenier Andy Greene 60 1 2 2
2 Matt Jones Josh Meyers 40 1 2 2
Last Minutes Offensive
Center Left Wing Right Wing Defense Defense
Dustin Boyd Brett Maclean Niklas Sundstrom Martin Grenier Andy Greene
Last Minutes Defensive
Center Left Wing Right Wing Defense Defense
Dustin Boyd Jesse Joensuu Niklas Sundstrom Martin Grenier Andy Greene
Goaltenders
Starting : Jeff Glass
Backup : Adam Munro
Extra Forwards
Normal : Danny Kristo, Dustin Boyd, Brett Maclean - PP : Danny Kristo, Dustin Boyd - PK : Brett Maclean
Extra Defensemen
Normal : Pavel Valentenko, Matt Jones, Bryan Rodney - PP : Pavel Valentenko - PK : Matt Jones, Bryan Rodney
Penalty Shots
Dustin Boyd, Tyler Bozak, Bryan Bickell, Jesse Joensuu, Benn Ferriero
Spitfire
5 vs 5 Forward
Center Left Wing Right Wing Time % Phy DF OF
1 Marc-Antoine Pouliot Tim Kennedy Shean Donovan 40 1 2 2
2 Rick Schofield Paul Bissonnette Denis Shvidki 30 1 2 2
3 Patrice Cormier Radek Smolenak Erik Condra 20 1 2 2
4 MacGregor Sharp Tony Lucia Brad Staubitz 10 1 2 2
5 vs 5 Defense
Defense Defense Time % Phy DF OF
1 Mathieu Roy Keaton Ellerby 40 1 2 2
2 Danny Syvret Andrew Campbell 30 1 2 2
3 Matt Delahey Eric Mestery 20 1 2 2
4 Mathieu Roy Keaton Ellerby 10 1 2 2
PowerPlay Forward
Center Left Wing Right Wing Time % Phy DF OF
1 Marc-Antoine Pouliot Tim Kennedy Shean Donovan 60 1 2 2
2 Rick Schofield Paul Bissonnette Denis Shvidki 40 1 2 2
PowerPlay Defense
Defense Defense Time % Phy DF OF
1 Mathieu Roy Keaton Ellerby 60 1 2 2
2 Danny Syvret Andrew Campbell 40 1 2 2
Penalty Kill 4 Players Forward
Center Wing Time % Phy DF OF
1 Shean Donovan Denis Shvidki 60 1 2 2
2 Tim Kennedy Marc-Antoine Pouliot 40 1 2 2
Penalty Kill 4 Players Defense
Defense Defense Time % Phy DF OF
1 Mathieu Roy Keaton Ellerby 60 1 2 2
2 Danny Syvret Andrew Campbell 40 1 2 2
Penalty Kill - 3 Players Forward
Forward Time % Phy DF OF
1 Shean Donovan 60 1 2 2
2 Denis Shvidki 40 1 2 2
Penalty Kill - 3 Players Defense
Defense Defense Time % Phy DF OF
1 Mathieu Roy Keaton Ellerby 60 1 2 2
2 Danny Syvret Andrew Campbell 40 1 2 2
4 vs 4 Forward
Center Wing Time % Phy DF OF
1 Shean Donovan Denis Shvidki 60 1 2 2
2 Tim Kennedy Marc-Antoine Pouliot 40 1 2 2
4 vs 4 Defense
Defense Defense Time % Phy DF OF
1 Mathieu Roy Keaton Ellerby 60 1 2 2
2 Danny Syvret Andrew Campbell 40 1 2 2
Last Minutes Offensive
Center Left Wing Right Wing Defense Defense
Marc-Antoine Pouliot Tim Kennedy Shean Donovan Mathieu Roy Keaton Ellerby
Last Minutes Defensive
Center Left Wing Right Wing Defense Defense
Marc-Antoine Pouliot Tim Kennedy Shean Donovan Mathieu Roy Keaton Ellerby
Goaltenders
Starting : Yann Danis
Backup : Todd Ford
Extra Forwards
Normal : Erik Condra, Brad Staubitz, Patrice Cormier - PP : Erik Condra, Brad Staubitz - PK : Patrice Cormier
Extra Defensemen
Normal : Matt Delahey, Eric Mestery, Danny Syvret - PP : Matt Delahey - PK : Eric Mestery, Danny Syvret
Penalty Shots
Shean Donovan, Denis Shvidki, Tim Kennedy, Marc-Antoine Pouliot, Erik Condra
% Time on Ice - River Rats
Lines # - Real PCT - Wanted PCT - Time Play
Normal Forward
1 - 38% - 40% - 16:02
2 - 28% - 30% - 11:39
3 - 22% - 20% - 9:26
4 - 12% - 10% - 5:00
Normal Defense
1 - 44% - 40% - 18:22
2 - 33% - 30% - 13:54
3 - 20% - 20% - 8:36
4 - 3% - 10% - 1:15
PP Forward
1 - 54% - 60% - 5:24
2 - 46% - 40% - 4:31
PP Defense
1 - 53% - 60% - 5:16
2 - 47% - 40% - 4:39
PK Forward
1 - 69% - 60% - 5:29
2 - 31% - 40% - 2:29
PK Defense
1 - 69% - 60% - 5:30
2 - 31% - 40% - 2:28
PK3 Forward
1 - 0% - 60%
2 - 0% - 40%
PK3 Defense
1 - 0% - 60%
2 - 0% - 40%
44 Forward
1 - 0% - 60%
2 - 0% - 40%
44 Defense
1 - 0% - 60%
2 - 0% - 40%
Last Minute Offensive - 0:00
Last Minute Defensive - 0:00
Total
Forward - 60:00
Defense - 60:00
|
% Time on Ice - Spitfire
Lines # - Real PCT - Wanted PCT - Time Play
Normal Forward
1 - 38% - 40% - 16:02
2 - 28% - 30% - 11:59
3 - 19% - 20% - 8:11
4 - 14% - 10% - 5:55
Normal Defense
1 - 46% - 40% - 19:28
2 - 31% - 30% - 13:10
3 - 18% - 20% - 7:35
4 - 5% - 10% - 1:54
PP Forward
1 - 50% - 60% - 4:00
2 - 50% - 40% - 3:58
PP Defense
1 - 58% - 60% - 4:39
2 - 42% - 40% - 3:19
PK Forward
1 - 71% - 60% - 7:01
2 - 29% - 40% - 2:54
PK Defense
1 - 62% - 60% - 6:07
2 - 38% - 40% - 3:48
PK3 Forward
1 - 0% - 60%
2 - 0% - 40%
PK3 Defense
1 - 0% - 60%
2 - 0% - 40%
44 Forward
1 - 0% - 60%
2 - 0% - 40%
44 Defense
1 - 0% - 60%
2 - 0% - 40%
Last Minute Offensive - 0:00
Last Minute Defensive - 0:00
Total
Forward - 60:00
Defense - 60:00
|
Play by Play
1st period
0:01 of 1st period - Dustin Boyd wins face-off versus Marc-Antoine Pouliot in neutral zone.
0:05 of 1st period - Minor Penalty to Martin Grenier for Hooking.
0:06 of 1st period - Jamie Arniel wins face-off versus Marc-Antoine Pouliot in River Rats zone.
1:22 of 1st period - Marc-Antoine Pouliot is hit by Niklas Sundstrom and loses puck.
1:29 of 1st period - Josh Meyers is hit by Tim Kennedy and loses puck.
2:05 of 1st period - Penalty to Martin Grenier is over, Martin Grenier is back on ice.
2:22 of 1st period - Matt Jones is hit by Matt Delahey and loses puck.
2:29 of 1st period - Wrist shot by Brad Staubitz.
2:29 of 1st period - Stopped by Jeff Glass with a rebound.
2:31 of 1st period - Snap shot by Brad Staubitz.
2:31 of 1st period - Stopped by Jeff Glass with a rebound.
2:41 of 1st period - Matt Jones is hit by Patrick Davis and loses puck.
2:56 of 1st period - Wrist shot by Erik Condra.
2:56 of 1st period - Shot Misses the Net.
3:22 of 1st period - Brad Staubitz is hit by Matt Jones.
3:41 of 1st period - Slapshot by Erik Condra.
3:41 of 1st period - Stopped by Jeff Glass with a rebound.
3:43 of 1st period - Snap shot by Brad Staubitz.
3:43 of 1st period - Stopped by Jeff Glass with a rebound.
4:05 of 1st period - Wrist shot by Brett Maclean.
4:05 of 1st period - Shot Misses the Net.
4:15 of 1st period - Wrist shot by Martin Grenier.
4:15 of 1st period - Stopped by Yann Danis with a rebound.
4:21 of 1st period - Snap shot by Brad Staubitz.
4:21 of 1st period - Stopped by Jeff Glass with a rebound.
4:23 of 1st period - Slapshot by Brad Staubitz.
4:23 of 1st period - Shot Misses the Net.
4:25 of 1st period - Snap shot by Patrick Davis.
4:25 of 1st period - Stopped by Jeff Glass with a rebound.
4:45 of 1st period - Slapshot by Erik Condra.
4:45 of 1st period - Goal by Erik Condra - River Rats : 0 - Spitfire : 1.
4:46 of 1st period - Jay Beagle wins face-off versus Denis Shvidki in neutral zone.
4:56 of 1st period - Off-side.
4:57 of 1st period - Rick Schofield wins face-off versus Jamie Arniel in neutral zone.
5:02 of 1st period - Jamie Arniel is hit by Denis Shvidki and loses puck.
5:11 of 1st period - Slapshot by Mathieu Roy.
5:11 of 1st period - Shot Blocked by Bryan Rodney.
5:23 of 1st period - Josh Meyers is hit by Mathieu Roy and loses puck.
6:04 of 1st period - Paul Bissonnette is hit by Benn Ferriero and loses puck.
7:12 of 1st period - Jay Beagle is hit by MacGregor Sharp and loses puck.
7:28 of 1st period - Icing by Jay Beagle.
7:29 of 1st period - Marc-Antoine Pouliot wins face-off versus Tyler Bozak in River Rats zone.
8:30 of 1st period - Paul Bissonnette is hit by Benn Ferriero and loses puck.
9:01 of 1st period - Icing by Andrew Campbell.
9:02 of 1st period - Dustin Boyd wins face-off versus Patrice Cormier in Spitfire zone.
9:11 of 1st period - Snap shot by Niklas Sundstrom.
9:11 of 1st period - Shot Misses the Net.
9:29 of 1st period - Slapshot by Tim Kennedy.
9:29 of 1st period - Stopped by Jeff Glass with a rebound.
9:31 of 1st period - Backhand shot by Marc-Antoine Pouliot.
9:31 of 1st period - Shot Misses the Net.
9:56 of 1st period - Minor Penalty to Mathieu Roy for Slashing.
9:57 of 1st period - Shean Donovan wins face-off versus Dustin Boyd in Spitfire zone.
9:57 of 1st period - Shean Donovan is hit by Dustin Boyd.
11:41 of 1st period - Martin Grenier is hit by Keaton Ellerby.
11:56 of 1st period - Penalty to Mathieu Roy is over, Mathieu Roy is back on ice.
12:00 of 1st period - Tony Lucia is hit by Jesse Joensuu and loses puck.
12:13 of 1st period - Snap shot by Jay Beagle.
12:13 of 1st period - Shot Misses the Net.
12:15 of 1st period - Wrist shot by Jay Beagle.
12:15 of 1st period - Deflect By Mathieu Roy.
12:15 of 1st period - Stopped by Yann Danis with a rebound.
12:17 of 1st period - Snap shot by Jay Beagle.
12:17 of 1st period - Goal by Jay Beagle - River Rats : 1 - Spitfire : 1.
12:18 of 1st period - Tyler Bozak wins face-off versus Patrice Cormier in neutral zone.
12:28 of 1st period - Slapshot by Mathieu Roy.
12:28 of 1st period - Stopped by Jeff Glass with a rebound.
12:44 of 1st period - Martin Grenier is hit by Rick Schofield and loses puck.
12:57 of 1st period - Snap shot by Rick Schofield.
12:57 of 1st period - Stopped by Jeff Glass with a rebound.
13:11 of 1st period - Josh Meyers is hit by Andrew Campbell and loses puck.
13:30 of 1st period - MacGregor Sharp is hit by Bryan Rodney and loses puck.
13:35 of 1st period - Wrist shot by Tyler Bozak.
13:35 of 1st period - Deflect By Steve Quailer.
13:35 of 1st period - Stopped by Yann Danis with a rebound.
13:49 of 1st period - Snap shot by Patrice Cormier.
13:49 of 1st period - Stopped by Jeff Glass without a rebound.
13:50 of 1st period - Patrice Cormier wins face-off versus Benn Ferriero in River Rats zone.
13:51 of 1st period - Snap shot by Mathieu Roy.
13:51 of 1st period - Stopped by Jeff Glass without a rebound.
13:52 of 1st period - Patrice Cormier wins face-off versus Benn Ferriero in River Rats zone.
13:55 of 1st period - Slapshot by Mathieu Roy.
13:55 of 1st period - Deflect By Martin Grenier.
13:55 of 1st period - Stopped by Jeff Glass with a rebound.
13:57 of 1st period - Wrist shot by Patrice Cormier.
13:57 of 1st period - Shot Hit the Post.
14:03 of 1st period - Snap shot by Erik Condra.
14:03 of 1st period - Shot Misses the Net.
14:05 of 1st period - Slapshot by Keaton Ellerby.
14:05 of 1st period - Deflect By Erik Condra.
14:05 of 1st period - Stopped by Jeff Glass without a rebound.
14:06 of 1st period - Tyler Bozak wins face-off versus Rick Schofield in River Rats zone.
14:10 of 1st period - Minor Penalty to Bryan Bickell for Boarding.
14:11 of 1st period - Marc-Antoine Pouliot wins face-off versus Jamie Arniel in River Rats zone.
14:48 of 1st period - Slapshot by Denis Shvidki.
14:48 of 1st period - Shot Misses the Net.
16:10 of 1st period - Penalty to Bryan Bickell is over, Bryan Bickell is back on ice.
16:22 of 1st period - Wrist shot by Tyler Bozak.
16:22 of 1st period - Deflect By Bryan Bickell.
16:22 of 1st period - Shot Misses the Net.
16:22 of 1st period - Puck is out of play.
16:23 of 1st period - Patrice Cormier wins face-off versus Bryan Bickell in Spitfire zone.
16:29 of 1st period - Off-side.
16:30 of 1st period - Patrice Cormier wins face-off versus Tyler Bozak in neutral zone.
16:33 of 1st period - Wrist shot by Radek Smolenak.
16:33 of 1st period - Shot Misses the Net.
16:35 of 1st period - Wrist shot by Patrice Cormier.
16:35 of 1st period - Shot Misses the Net.
16:37 of 1st period - Snap shot by Patrice Cormier.
16:37 of 1st period - Stopped by Jeff Glass with a rebound.
16:39 of 1st period - Snap shot by Radek Smolenak.
16:39 of 1st period - Stopped by Jeff Glass with a rebound.
16:41 of 1st period - Wrist shot by Patrice Cormier.
16:41 of 1st period - Shot Misses the Net.
16:43 of 1st period - Wrist shot by Erik Condra.
16:43 of 1st period - Deflect By Patrice Cormier.
16:43 of 1st period - Shot Blocked by Bryan Bickell.
16:43 of 1st period - Puck is out of play.
16:44 of 1st period - Rick Schofield wins face-off versus Dustin Boyd in River Rats zone.
16:51 of 1st period - Slapshot by Mathieu Roy.
16:51 of 1st period - Deflect By Denis Shvidki.
16:51 of 1st period - Goal by Denis Shvidki - River Rats : 1 - Spitfire : 2.
16:52 of 1st period - Rick Schofield wins face-off versus Dustin Boyd in neutral zone.
16:55 of 1st period - Slapshot by Mathieu Roy.
16:55 of 1st period - Deflect By Paul Bissonnette.
16:55 of 1st period - Stopped by Jeff Glass without a rebound.
16:56 of 1st period - Dustin Boyd wins face-off versus Rick Schofield in River Rats zone.
17:01 of 1st period - Snap shot by Paul Bissonnette.
17:01 of 1st period - Stopped by Jeff Glass without a rebound.
17:02 of 1st period - Dustin Boyd wins face-off versus Rick Schofield in River Rats zone.
17:04 of 1st period - Icing by Martin Grenier.
17:05 of 1st period - Rick Schofield wins face-off versus Dustin Boyd in River Rats zone.
17:06 of 1st period - Slapshot by Denis Shvidki.
17:06 of 1st period - Deflect By Paul Bissonnette.
17:06 of 1st period - Shot Blocked by Brett Maclean.
17:06 of 1st period - Puck is out of play.
17:07 of 1st period - Dustin Boyd wins face-off versus Rick Schofield in River Rats zone.
17:17 of 1st period - Wrist shot by Dustin Boyd.
17:17 of 1st period - Stopped by Yann Danis without a rebound.
17:18 of 1st period - Tyler Bozak wins face-off versus Rick Schofield in Spitfire zone.
17:23 of 1st period - Snap shot by Bryan Bickell.
17:23 of 1st period - Stopped by Yann Danis without a rebound.
17:24 of 1st period - Denis Shvidki wins face-off versus Tyler Bozak in Spitfire zone.
17:53 of 1st period - Slapshot by Tyler Bozak.
17:53 of 1st period - Stopped by Yann Danis with a rebound.
17:55 of 1st period - Slapshot by Andy Greene.
17:55 of 1st period - Goal by Andy Greene - River Rats : 2 - Spitfire : 2.
17:56 of 1st period - Dustin Boyd wins face-off versus Marc-Antoine Pouliot in neutral zone.
18:05 of 1st period - Snap shot by Shean Donovan.
18:05 of 1st period - Deflect By Marc-Antoine Pouliot.
18:05 of 1st period - Stopped by Jeff Glass without a rebound.
18:06 of 1st period - Dustin Boyd wins face-off versus Marc-Antoine Pouliot in River Rats zone.
18:13 of 1st period - Slapshot by Shean Donovan.
18:13 of 1st period - Shot Blocked by Brett Maclean.
18:15 of 1st period - Snap shot by Danny Syvret.
18:15 of 1st period - Stopped by Jeff Glass without a rebound.
18:16 of 1st period - Rick Schofield wins face-off versus Dustin Boyd in River Rats zone.
18:41 of 1st period - Tyler Bozak is hit by Marc-Antoine Pouliot and loses puck.
19:06 of 1st period - Wrist shot by Jay Beagle.
19:06 of 1st period - Shot Misses the Net.
19:08 of 1st period - Snap shot by Jay Beagle.
19:08 of 1st period - Shot Misses the Net.
19:10 of 1st period - Slapshot by Jamie Arniel.
19:10 of 1st period - Stopped by Yann Danis without a rebound.
19:11 of 1st period - Rick Schofield wins face-off versus Dustin Boyd in Spitfire zone.
2nd period
0:01 of 2nd period - Dustin Boyd wins face-off versus Marc-Antoine Pouliot in neutral zone.
0:04 of 2nd period - Wrist shot by Dustin Boyd.
0:04 of 2nd period - Shot Misses the Net.
0:16 of 2nd period - Andy Greene is hit by Tim Kennedy and loses puck.
0:37 of 2nd period - Slapshot by Andy Greene.
0:37 of 2nd period - Shot Blocked by Keaton Ellerby.
1:15 of 2nd period - Slapshot by Keaton Ellerby.
1:15 of 2nd period - Shot Misses the Net.
1:21 of 2nd period - Wrist shot by Jesse Joensuu.
1:21 of 2nd period - Shot Misses the Net.
1:23 of 2nd period - Snap shot by Matt Jones.
1:23 of 2nd period - Deflect By Keaton Ellerby.
1:23 of 2nd period - Goal by Matt Jones - River Rats : 3 - Spitfire : 2.
1:24 of 2nd period - Niklas Sundstrom wins face-off versus Marc-Antoine Pouliot in neutral zone.
1:27 of 2nd period - Snap shot by Niklas Sundstrom.
1:27 of 2nd period - Shot Hit the Post.
1:58 of 2nd period - Slapshot by Danny Syvret.
1:58 of 2nd period - Shot Blocked by Pavel Valentenko.
2:00 of 2nd period - Slapshot by Danny Syvret.
2:00 of 2nd period - Shot Misses the Net.
2:02 of 2nd period - Slapshot by Danny Syvret.
2:02 of 2nd period - Deflect By Radek Smolenak.
2:02 of 2nd period - Goal by Radek Smolenak - River Rats : 3 - Spitfire : 3.
2:03 of 2nd period - Dustin Boyd wins face-off versus Marc-Antoine Pouliot in neutral zone.
2:06 of 2nd period - Marc-Antoine Pouliot is hit by Brett Maclean and loses puck.
2:55 of 2nd period - Patrice Cormier is hit by Patrick Maroon and loses puck.
3:12 of 2nd period - Snap shot by Jamie Arniel.
3:12 of 2nd period - Deflect By Benn Ferriero.
3:12 of 2nd period - Shot Misses the Net.
3:12 of 2nd period - Puck is out of play.
3:13 of 2nd period - MacGregor Sharp wins face-off versus Danny Kristo in Spitfire zone.
3:17 of 2nd period - Off-side.
3:18 of 2nd period - Shean Donovan wins face-off versus Dustin Boyd in neutral zone.
3:21 of 2nd period - Slapshot by Marc-Antoine Pouliot.
3:21 of 2nd period - Stopped by Jeff Glass with a rebound.
3:27 of 2nd period - Slapshot by Tim Kennedy.
3:27 of 2nd period - Shot Blocked by Niklas Sundstrom.
4:27 of 2nd period - Minor Penalty to Keaton Ellerby for Tripping.
4:28 of 2nd period - Brett Maclean wins face-off versus Shean Donovan in Spitfire zone.
5:35 of 2nd period - Brett Maclean is hit by Marc-Antoine Pouliot and loses puck.
6:07 of 2nd period - Off-side.
6:08 of 2nd period - Patrice Cormier wins face-off versus Jay Beagle in neutral zone.
6:23 of 2nd period - Snap shot by Matt Jones.
6:23 of 2nd period - Shot Misses the Net.
6:27 of 2nd period - Penalty to Keaton Ellerby is over, Keaton Ellerby is back on ice.
7:03 of 2nd period - Bryan Rodney is hit by Denis Shvidki and loses puck.
7:48 of 2nd period - Bryan Bickell is hit by Eric Mestery and loses puck.
8:03 of 2nd period - Wrist shot by Marc-Antoine Pouliot.
8:03 of 2nd period - Stopped by Jeff Glass with a rebound.
8:51 of 2nd period - Snap shot by Erik Condra.
8:51 of 2nd period - Goal by Erik Condra - River Rats : 3 - Spitfire : 4.
8:52 of 2nd period - Dustin Boyd wins face-off versus Marc-Antoine Pouliot in neutral zone.
8:55 of 2nd period - Wrist shot by Niklas Sundstrom.
8:55 of 2nd period - Shot Misses the Net.
9:17 of 2nd period - Danny Syvret is hit by Bryan Bickell and loses puck.
9:42 of 2nd period - Danny Syvret is hit by Josh Meyers.
10:08 of 2nd period - Slapshot by Mathieu Roy.
10:08 of 2nd period - Shot Misses the Net.
10:10 of 2nd period - Wrist shot by Keaton Ellerby.
10:10 of 2nd period - Deflect By Marc-Antoine Pouliot.
10:10 of 2nd period - Shot Misses the Net.
10:10 of 2nd period - Puck is out of play.
10:11 of 2nd period - Dustin Boyd wins face-off versus Rick Schofield in River Rats zone.
10:17 of 2nd period - Off-side.
10:18 of 2nd period - Denis Shvidki wins face-off versus Dustin Boyd in neutral zone.
10:25 of 2nd period - Slapshot by Mathieu Roy.
10:25 of 2nd period - Deflect By Paul Bissonnette.
10:25 of 2nd period - Shot Blocked by Niklas Sundstrom.
10:25 of 2nd period - Puck is out of play.
10:26 of 2nd period - Marc-Antoine Pouliot wins face-off versus Dustin Boyd in River Rats zone.
10:41 of 2nd period - Wrist shot by Andy Greene.
10:41 of 2nd period - Shot Blocked by Keaton Ellerby.
10:51 of 2nd period - Tyler Bozak is hit by Denis Shvidki and loses puck.
11:14 of 2nd period - Snap shot by Danny Kristo.
11:14 of 2nd period - Shot Misses the Net.
11:16 of 2nd period - Wrist shot by Jesse Joensuu.
11:16 of 2nd period - Shot Blocked by Paul Bissonnette.
11:18 of 2nd period - Snap shot by Danny Kristo.
11:18 of 2nd period - Shot Misses the Net.
11:20 of 2nd period - Snap shot by Jesse Joensuu.
11:20 of 2nd period - Stopped by Yann Danis without a rebound.
11:21 of 2nd period - Marc-Antoine Pouliot wins face-off versus Dustin Boyd in Spitfire zone.
11:21 of 2nd period - Marc-Antoine Pouliot is hit by Niklas Sundstrom.
11:26 of 2nd period - Minor Penalty to Andy Greene for Hooking.
11:27 of 2nd period - Marc-Antoine Pouliot wins face-off versus Jamie Arniel in River Rats zone.
11:28 of 2nd period - Slapshot by Shean Donovan.
11:28 of 2nd period - Goal by Shean Donovan - River Rats : 3 - Spitfire : 5.
11:29 of 2nd period - Dustin Boyd wins face-off versus Shean Donovan in neutral zone.
11:31 of 2nd period - Minor Penalty to Brett Maclean for Interference.
11:32 of 2nd period - Marc-Antoine Pouliot wins face-off versus Jamie Arniel in River Rats zone.
11:35 of 2nd period - Snap shot by Shean Donovan.
11:35 of 2nd period - Shot Misses the Net.
11:37 of 2nd period - Wrist shot by Tim Kennedy.
11:37 of 2nd period - Stopped by Jeff Glass without a rebound.
11:38 of 2nd period - Marc-Antoine Pouliot wins face-off versus Jamie Arniel in River Rats zone.
11:51 of 2nd period - Keaton Ellerby is hit by Jamie Arniel and loses puck.
12:00 of 2nd period - Slapshot by Shean Donovan.
12:00 of 2nd period - Deflect By Tim Kennedy.
12:00 of 2nd period - Stopped by Jeff Glass without a rebound.
12:01 of 2nd period - Jamie Arniel wins face-off versus Rick Schofield in River Rats zone.
12:01 of 2nd period - Jamie Arniel is hit by Mathieu Roy.
12:11 of 2nd period - Jamie Arniel is hit by Mathieu Roy and loses puck.
12:16 of 2nd period - Snap shot by Denis Shvidki.
12:16 of 2nd period - Stopped by Jeff Glass without a rebound.
12:17 of 2nd period - Jamie Arniel wins face-off versus Marc-Antoine Pouliot in River Rats zone.
13:00 of 2nd period - Andy Greene is hit by Tim Kennedy and loses puck.
13:17 of 2nd period - Icing by Paul Bissonnette.
13:18 of 2nd period - Dustin Boyd wins face-off versus Rick Schofield in Spitfire zone.
13:31 of 2nd period - Penalty to Brett Maclean is over, Brett Maclean is back on ice.
13:44 of 2nd period - Snap shot by Marc-Antoine Pouliot.
13:44 of 2nd period - Shot Blocked by Matt Jones.
13:59 of 2nd period - Icing by Andrew Campbell.
14:00 of 2nd period - Tyler Bozak wins face-off versus MacGregor Sharp in Spitfire zone.
14:01 of 2nd period - Slapshot by Andy Greene.
14:01 of 2nd period - Deflect By Steve Quailer.
14:01 of 2nd period - Stopped by Yann Danis with a rebound.
14:25 of 2nd period - Danny Syvret is hit by Martin Grenier and loses puck.
14:26 of 2nd period - Danny Syvret from Spitfire is injured at 14:26 of 2nd period (Bruised Right Shoulder).
14:27 of 2nd period - Dustin Boyd wins face-off versus Marc-Antoine Pouliot in Spitfire zone.
14:32 of 2nd period - Wrist shot by Niklas Sundstrom.
14:32 of 2nd period - Shot Misses the Net.
14:34 of 2nd period - Snap shot by Dustin Boyd.
14:34 of 2nd period - Goal by Dustin Boyd - River Rats : 4 - Spitfire : 5.
14:35 of 2nd period - Marc-Antoine Pouliot wins face-off versus Dustin Boyd in neutral zone.
14:48 of 2nd period - Slapshot by Shean Donovan.
14:48 of 2nd period - Deflect By Tim Kennedy.
14:48 of 2nd period - Shot Blocked by Brett Maclean.
14:48 of 2nd period - Puck is out of play.
14:49 of 2nd period - Dustin Boyd wins face-off versus Rick Schofield in River Rats zone.
15:35 of 2nd period - Snap shot by Erik Condra.
15:35 of 2nd period - Stopped by Jeff Glass with a rebound.
15:37 of 2nd period - Wrist shot by Patrice Cormier.
15:37 of 2nd period - Stopped by Jeff Glass with a rebound.
15:39 of 2nd period - Slapshot by Patrice Cormier.
15:39 of 2nd period - Shot Misses the Net.
15:41 of 2nd period - Snap shot by Patrice Cormier.
15:41 of 2nd period - Stopped by Jeff Glass with a rebound.
15:43 of 2nd period - Snap shot by Patrice Cormier.
15:43 of 2nd period - Shot Misses the Net.
15:45 of 2nd period - Snap shot by Erik Condra.
15:45 of 2nd period - Shot Misses the Net.
16:22 of 2nd period - Off-side.
16:23 of 2nd period - Marc-Antoine Pouliot wins face-off versus Steve Quailer in neutral zone.
16:32 of 2nd period - Slapshot by Andy Greene.
16:32 of 2nd period - Stopped by Yann Danis with a rebound.
16:34 of 2nd period - Snap shot by Bryan Bickell.
16:34 of 2nd period - Shot Misses the Net.
16:44 of 2nd period - Snap shot by Tyler Bozak.
16:44 of 2nd period - Shot Misses the Net.
16:46 of 2nd period - Slapshot by Martin Grenier.
16:46 of 2nd period - Shot Blocked by Tim Kennedy.
16:48 of 2nd period - Snap shot by Tyler Bozak.
16:48 of 2nd period - Deflect By Bryan Bickell.
16:48 of 2nd period - Stopped by Yann Danis with a rebound.
17:00 of 2nd period - Snap shot by Tyler Bozak.
17:00 of 2nd period - Stopped by Yann Danis with a rebound.
17:08 of 2nd period - Slapshot by Bryan Rodney.
17:08 of 2nd period - Stopped by Yann Danis without a rebound.
17:09 of 2nd period - Rick Schofield wins face-off versus Dustin Boyd in Spitfire zone.
17:09 of 2nd period - Rick Schofield is hit by Matt Jones.
17:58 of 2nd period - Eric Mestery is hit by Benn Ferriero.
18:02 of 2nd period - Wrist shot by Benn Ferriero.
18:02 of 2nd period - Stopped by Yann Danis without a rebound.
18:03 of 2nd period - Marc-Antoine Pouliot wins face-off versus Benn Ferriero in Spitfire zone.
18:18 of 2nd period - Slapshot by Bryan Rodney.
18:18 of 2nd period - Deflect By Marc-Antoine Pouliot.
18:18 of 2nd period - Stopped by Yann Danis with a rebound.
18:32 of 2nd period - Snap shot by Paul Bissonnette.
18:32 of 2nd period - Shot Misses the Net.
18:34 of 2nd period - Wrist shot by Denis Shvidki.
18:34 of 2nd period - Deflect By Rick Schofield.
18:34 of 2nd period - Shot Misses the Net.
18:34 of 2nd period - Puck is out of play.
18:35 of 2nd period - Niklas Sundstrom wins face-off versus Rick Schofield in River Rats zone.
18:35 of 2nd period - Niklas Sundstrom is hit by Mathieu Roy.
18:45 of 2nd period - Slapshot by Mathieu Roy.
18:45 of 2nd period - Stopped by Jeff Glass with a rebound.
18:47 of 2nd period - Snap shot by Rick Schofield.
18:47 of 2nd period - Stopped by Jeff Glass without a rebound.
18:48 of 2nd period - Dustin Boyd wins face-off versus Marc-Antoine Pouliot in River Rats zone.
18:48 of 2nd period - Dustin Boyd is hit by Shean Donovan.
19:02 of 2nd period - Slapshot by Keaton Ellerby.
19:02 of 2nd period - Deflect By Andy Greene.
19:02 of 2nd period - Stopped by Jeff Glass with a rebound.
19:04 of 2nd period - Slapshot by Keaton Ellerby.
19:04 of 2nd period - Shot Blocked by Niklas Sundstrom.
19:39 of 2nd period - Slapshot by Mathieu Roy.
19:39 of 2nd period - Stopped by Jeff Glass with a rebound.
3rd period
0:01 of 3rd period - Dustin Boyd wins face-off versus Marc-Antoine Pouliot in neutral zone.
0:16 of 3rd period - Wrist shot by Dustin Boyd.
0:16 of 3rd period - Stopped by Yann Danis without a rebound.
0:17 of 3rd period - Tyler Bozak wins face-off versus Rick Schofield in Spitfire zone.
0:20 of 3rd period - Slapshot by Tyler Bozak.
0:20 of 3rd period - Stopped by Yann Danis with a rebound.
0:22 of 3rd period - Snap shot by Bryan Bickell.
0:22 of 3rd period - Stopped by Yann Danis without a rebound.
0:23 of 3rd period - Rick Schofield wins face-off versus Bryan Bickell in Spitfire zone.
0:55 of 3rd period - Snap shot by Tim Kennedy.
0:55 of 3rd period - Stopped by Jeff Glass with a rebound.
0:57 of 3rd period - Slapshot by Matt Delahey.
0:57 of 3rd period - Stopped by Jeff Glass without a rebound.
0:58 of 3rd period - Marc-Antoine Pouliot wins face-off versus Jamie Arniel in River Rats zone.
1:01 of 3rd period - Wrist shot by Tim Kennedy.
1:01 of 3rd period - Shot Blocked by Pavel Valentenko.
1:23 of 3rd period - Dustin Boyd is hit by Rick Schofield and loses puck.
1:34 of 3rd period - Slapshot by Mathieu Roy.
1:34 of 3rd period - Shot Blocked by Dustin Boyd.
1:45 of 3rd period - Minor Penalty to Matt Delahey for Boarding.
1:46 of 3rd period - Dustin Boyd wins face-off versus Shean Donovan in Spitfire zone.
1:49 of 3rd period - Wrist shot by Dustin Boyd.
1:49 of 3rd period - Shot Blocked by Mathieu Roy.
1:51 of 3rd period - Slapshot by Martin Grenier.
1:51 of 3rd period - Stopped by Yann Danis without a rebound.
1:52 of 3rd period - Shean Donovan wins face-off versus Dustin Boyd in Spitfire zone.
2:05 of 3rd period - Slapshot by Niklas Sundstrom.
2:05 of 3rd period - Shot Blocked by Shean Donovan.
2:07 of 3rd period - Slapshot by Brett Maclean.
2:07 of 3rd period - Stopped by Yann Danis with a rebound.
3:06 of 3rd period - Bryan Rodney is hit by Mathieu Roy.
3:45 of 3rd period - Penalty to Matt Delahey is over, Matt Delahey is back on ice.
3:52 of 3rd period - Slapshot by Andy Greene.
3:52 of 3rd period - Shot Misses the Net.
4:02 of 3rd period - Snap shot by Tim Kennedy.
4:02 of 3rd period - Stopped by Jeff Glass without a rebound.
4:03 of 3rd period - Patrice Cormier wins face-off versus Jamie Arniel in River Rats zone.
4:10 of 3rd period - Josh Meyers is hit by Radek Smolenak and loses puck.
4:23 of 3rd period - Radek Smolenak is hit by Jamie Arniel and loses puck.
5:31 of 3rd period - Patrick Maroon is hit by Patrice Cormier and loses puck.
5:48 of 3rd period - Wrist shot by Dustin Boyd.
5:48 of 3rd period - Stopped by Yann Danis without a rebound.
5:49 of 3rd period - Dustin Boyd wins face-off versus Brad Staubitz in Spitfire zone.
5:52 of 3rd period - Snap shot by Niklas Sundstrom.
5:52 of 3rd period - Shot Blocked by Andrew Campbell.
5:54 of 3rd period - Slapshot by Martin Grenier.
5:54 of 3rd period - Stopped by Yann Danis with a rebound.
5:56 of 3rd period - Slapshot by Andy Greene.
5:56 of 3rd period - Stopped by Yann Danis without a rebound.
5:57 of 3rd period - Marc-Antoine Pouliot wins face-off versus Dustin Boyd in Spitfire zone.
6:09 of 3rd period - Off-side.
6:10 of 3rd period - Marc-Antoine Pouliot wins face-off versus Dustin Boyd in neutral zone.
6:18 of 3rd period - Snap shot by Marc-Antoine Pouliot.
6:18 of 3rd period - Stopped by Jeff Glass without a rebound.
6:19 of 3rd period - Marc-Antoine Pouliot wins face-off versus Dustin Boyd in River Rats zone.
6:59 of 3rd period - Minor Penalty to Mathieu Roy for Holding.
7:00 of 3rd period - Shean Donovan wins face-off versus Tyler Bozak in Spitfire zone.
8:21 of 3rd period - Brett Maclean is hit by Keaton Ellerby and loses puck.
8:59 of 3rd period - Penalty to Mathieu Roy is over, Mathieu Roy is back on ice.
9:54 of 3rd period - Jesse Joensuu is hit by Rick Schofield and loses puck.
10:11 of 3rd period - Keaton Ellerby is hit by Tyler Bozak and loses puck.
10:25 of 3rd period - Minor Penalty to Pavel Valentenko for Holding.
10:26 of 3rd period - Rick Schofield wins face-off versus Jamie Arniel in River Rats zone.
10:29 of 3rd period - Slapshot by Paul Bissonnette.
10:29 of 3rd period - Stopped by Jeff Glass with a rebound.
10:33 of 3rd period - Snap shot by Denis Shvidki.
10:33 of 3rd period - Shot Misses the Net.
10:44 of 3rd period - Icing by Denis Shvidki.
10:45 of 3rd period - Jamie Arniel wins face-off versus Rick Schofield in Spitfire zone.
11:02 of 3rd period - Jesse Joensuu is hit by Rick Schofield.
11:57 of 3rd period - Matt Jones is hit by Shean Donovan and loses puck.
12:22 of 3rd period - Keaton Ellerby is hit by Brett Maclean and loses puck.
12:25 of 3rd period - Penalty to Pavel Valentenko is over, Pavel Valentenko is back on ice.
12:44 of 3rd period - Slapshot by Matt Jones.
12:44 of 3rd period - Shot Blocked by Erik Condra.
12:46 of 3rd period - Wrist shot by Danny Kristo.
12:46 of 3rd period - Stopped by Yann Danis without a rebound.
12:47 of 3rd period - MacGregor Sharp wins face-off versus Tyler Bozak in Spitfire zone.
12:47 of 3rd period - MacGregor Sharp is hit by Tyler Bozak.
12:57 of 3rd period - Snap shot by Tyler Bozak.
12:57 of 3rd period - Stopped by Yann Danis without a rebound.
12:58 of 3rd period - Dustin Boyd wins face-off versus Rick Schofield in Spitfire zone.
13:25 of 3rd period - Rick Schofield is hit by Matt Jones and loses puck.
13:48 of 3rd period - Mathieu Roy is hit by Andy Greene and loses puck.
13:58 of 3rd period - Icing by Jay Beagle.
13:59 of 3rd period - Jamie Arniel wins face-off versus Erik Condra in River Rats zone.
13:59 of 3rd period - Jamie Arniel is hit by Erik Condra.
14:13 of 3rd period - Andrew Campbell is hit by Martin Grenier and loses puck.
14:26 of 3rd period - Brett Maclean is hit by Tim Kennedy and loses puck.
14:37 of 3rd period - Andrew Campbell is hit by Niklas Sundstrom and loses puck.
14:52 of 3rd period - Brad Staubitz is hit by Bryan Bickell and loses puck.
15:11 of 3rd period - Slapshot by Bryan Rodney.
15:11 of 3rd period - Stopped by Yann Danis with a rebound.
15:24 of 3rd period - Minor Penalty to Patrice Cormier for Holding.
15:25 of 3rd period - Dustin Boyd wins face-off versus Shean Donovan in Spitfire zone.
15:38 of 3rd period - Keaton Ellerby is hit by Brett Maclean and loses puck.
17:10 of 3rd period - Icing by Bryan Bickell.
17:11 of 3rd period - Tyler Bozak wins face-off versus Shean Donovan in River Rats zone.
17:24 of 3rd period - Penalty to Patrice Cormier is over, Patrice Cormier is back on ice.
17:25 of 3rd period - Icing by Dustin Boyd.
17:26 of 3rd period - Dustin Boyd wins face-off versus Patrice Cormier in River Rats zone.
17:37 of 3rd period - Wrist shot by MacGregor Sharp.
17:37 of 3rd period - Stopped by Jeff Glass with a rebound.
17:39 of 3rd period - Snap shot by MacGregor Sharp.
17:39 of 3rd period - Deflect By Brad Staubitz.
17:39 of 3rd period - Goal by Brad Staubitz - River Rats : 4 - Spitfire : 6.
17:40 of 3rd period - Jamie Arniel wins face-off versus Patrice Cormier in neutral zone.
17:43 of 3rd period - Slapshot by Martin Grenier.
17:43 of 3rd period - Stopped by Yann Danis with a rebound.
18:30 of 3rd period - Wrist shot by Brad Staubitz.
18:30 of 3rd period - Shot Blocked by Matt Jones.
18:32 of 3rd period - Slapshot by Andrew Campbell.
18:32 of 3rd period - Deflect By Tyler Bozak.
18:32 of 3rd period - Stopped by Jeff Glass with a rebound.
18:34 of 3rd period - Snap shot by Tony Lucia.
18:34 of 3rd period - Stopped by Jeff Glass with a rebound.
18:36 of 3rd period - Slapshot by Matt Delahey.
18:36 of 3rd period - Shot Misses the Net.
18:38 of 3rd period - Snap shot by MacGregor Sharp.
18:38 of 3rd period - Goal by MacGregor Sharp - River Rats : 4 - Spitfire : 7.
18:39 of 3rd period - Marc-Antoine Pouliot wins face-off versus Dustin Boyd in neutral zone.
18:52 of 3rd period - Slapshot by Marc-Antoine Pouliot.
18:52 of 3rd period - Shot Misses the Net.
18:54 of 3rd period - Wrist shot by Shean Donovan.
18:54 of 3rd period - Deflect By Tim Kennedy.
18:54 of 3rd period - Shot Misses the Net.
18:54 of 3rd period - Puck is out of play.
18:55 of 3rd period - Tyler Bozak wins face-off versus Rick Schofield in River Rats zone.
19:50 of 3rd period - Slapshot by Tony Lucia.
19:50 of 3rd period - Shot Misses the Net.
Output by the SimonT Hockey Simulator (STHS) for François Prévost -- Original Page W3C XHTML 1.0 Valid